Map: Ruins of Seras

Players

Wintersc2 (Winter)

  • Race: Terran Terran

TT1 - Winner!

  • Race: Zerg Zerg

VOD

Have the link to the VOD?

Description

Time

  • Played on: April 4, 2015, 3:49 a.m.
  • Length: 12:52
Show
View Real Time Build Order
Export as new Build Order

Wintersc2 Terran 

Build Orders: 1/1/1, Bio Tank, Siege Tank Drop 

Get SALT Encoding   

  12  0:01  SCV  
  13  0:13  SCV  
  14  0:18  Supply Depot  
  14  0:25  SCV  
  15  0:39  SCV  
  15  0:41  Barracks  
  16  0:47  Refinery  
  16  0:52  SCV  
  17  1:00  Refinery  
  17  1:04  SCV  
  18  1:16  SCV  
  19  1:30  Orbital Command  
  19  1:31  Marine  
  20  1:38  Factory  
  20  1:48  Supply Depot  
  20  1:51  Marine  
  21  1:56  SCV  
  22  2:08  SCV  
  22  2:11  Marine  
  24  2:20  SCV  
  24  2:21  Starport  
  24  2:22  Factory Tech Lab  
  24  2:31  Marine  
  24  2:33  SCV  
  26  2:42  Siege Tank  
  29  2:55  Supply Depot  
  29  2:57  Medivac  
  31  3:08  Command Center  
  31  3:17  SCV  
  32  3:25  Siege Tank  
  35  3:29  SCV  
  36  3:41  SCV  
  36  3:45  Command Center  
  37  3:52  Medivac  
  39  4:20  SCV  
  39  4:21  Orbital Command  
  40  4:27  Barracks  
  40  4:31  Barracks  
  40  4:32  SCV  
  41  4:44  SCV  
  42  4:50  SCV  
  43  4:54  Barracks  
  43  4:56  Barracks  
  43  4:59  Barracks Reactor  
  43  5:07  SCV  
  44  5:12  SCV  
  44  5:13  Siege Tank, Medivac  
  50  5:24  SCV  
  50  5:25  SCV  
  50  5:26  Barracks Reactor  
  52  5:40  SCV  
  52  5:41  Marine x2  
  50  5:43  Barracks Reactor  
  50  5:45  Barracks  
  50  5:59  Marine x2  
  50  6:01  SCV, Orbital Command  
  50  6:03  SCV, Barracks Reactor  
  54  6:08  Barracks Tech Lab  
  54  6:13  SCV  
  54  6:15  SCV  
  54  6:17  Marine  
  57  6:25  SCV  
  57  6:31  Marine x3  
  57  6:32  Siege Tank, Medivac  
  66  6:33  Stimpack  
  66  6:35  Refinery  
  66  6:36  Refinery  
  66  6:41  SCV, Marine x2  
  69  7:03  Supply Depot  
  69  7:05  SCV, Marine x7  
  69  7:07  Orbital Command  
  77  7:11  Starport Reactor  
  77  7:20  Supply Depot  
  77  7:23  Supply Depot  
  77  7:25  Siege Tank, Marine x5  
  85  7:41  Marine x5  
  85  7:42  Marine x3  
  93  7:50  Marine x2  
  95  8:03  Marine x6  
  101  8:11  SCV, Siege Tank, Medivac x2  
  109  8:19  Marine x2  
  111  8:36  Marine x2  
  111  8:37  Combat Shields, Marine  
  114  8:41  SCV  
  114  8:42  SCV  
  114  8:43  SCV  
  104  9:09  Marine x3  
  69  9:10  Marine x7  
  69  9:11  Siege Tank  
  75  9:17  SCV  
  75  9:18  SCV x2, Engineering Bay x2  
  75  9:21  Medivac  
  75  9:22  Medivac  
  82  9:27  Marine x5  
  82  9:28  Marine x3  
  82  9:30  SCV, Marine x2  
  93  9:37  Missile Turret  
  93  9:38  Missile Turret  
  93  9:40  Missile Turret  
  93  9:45  Missile Turret, Marine x4  
  95  9:50  Marine x2  
  95  9:51  Marine x2  
  99  9:56  Terran Infantry Weapons Level 1, Terran Infantry Armor Level 1  
  99  9:57  Marine  
  99  10:02  Marine  
  99  10:03  Marine x2  
  99  10:05  Marine  
  99  10:06  Marine  
  104  10:10  SCV  
  104  10:11  Marine  
  104  10:12  Marine  
  104  10:13  Siege Tank  
  110  10:16  SCV  
  110  10:20  Marine  
  112  10:21  Supply Depot  
  112  10:23  Supply Depot, Marine  
  112  10:26  Marine x2  
  115  10:30  Medivac  
  117  10:38  Supply Depot  
  117  10:43  SCV, Marine x7  
  117  10:45  Medivac, Marine x2  
  117  10:47  Supply Depot  
  129  10:50  Supply Depot, Marine  
  129  11:01  Marine x7  
  129  11:02  Marine x2  
  138  11:05  Siege Tank  
  138  11:08  Marine  
  142  11:18  Marine x7  
  142  11:20  Marine  
  142  11:21  Marine  
  142  11:23  SCV x2  
  153  11:26  Marine  
  154  11:36  Marine x3  
  144  11:40  Marine  
  144  11:41  Marine x2  
  144  11:42  Marine x3  
  144  11:44  Marine  
  131  11:54  Marine x3  
  131  11:58  Marine x2  
  131  11:59  Marine  
  131  12:00  Medivac, Marine x3  
  132  12:01  SCV  
  132  12:02  Marine  
  130  12:12  Marine x3  
  129  12:16  Marine x3  
  129  12:17  Marine x2  
  129  12:18  Marine  
  129  12:20  SCV, Marine  
  137  12:30  Marine x3  
Show
View Real Time Build Order
Export as new Build Order

TT1 Zerg - Winner!

Build Orders: Hatch First, Muta Ling Bane 

Get SALT Encoding   

  12  0:00  Drone  
  13  0:10  Drone  
  14  0:36  Hatchery  
  14  0:39  Drone  
  14  0:53  Spawning Pool  
  13  1:01  Overlord  
  13  1:04  Drone  
  14  1:19  Drone x2  
  14  1:23  Drone  
  17  1:33  Drone  
  18  1:41  Queen  
  20  1:49  Queen  
  20  1:50  Zergling x2  
  20  1:51  Drone  
  24  2:01  Drone x2  
  26  2:10  Overlord  
  26  2:11  Drone  
  27  2:19  Drone  
  28  2:30  Drone x2  
  28  2:32  Drone  
  31  2:37  Hatchery  
  31  2:38  Drone  
  31  2:39  Extractor  
  30  2:46  Drone  
  30  2:50  Drone x3  
  30  2:51  Drone  
  35  3:01  Drone  
  35  3:02  Overlord  
  35  3:04  Overlord  
  36  3:13  Overlord  
  36  3:22  Drone x3  
  36  3:23  Drone x5  
  44  3:28  Queen  
  44  3:31  Overlord  
  46  3:36  Zergling x4  
  46  3:37  Zergling x2  
  48  3:41  Metabolic Boost  
  48  3:46  Queen  
  51  3:48  Zergling x2  
  51  3:50  Zergling x2  
  51  3:52  Zergling x2  
  51  3:55  Zergling x4  
  55  4:00  Zergling x4  
  57  4:09  Zergling x4  
  59  4:10  Zergling x4  
  59  4:12  Queen  
  60  4:19  Lair  
  60  4:20  Drone x5  
  60  4:21  Drone  
  65  4:27  Overlord  
  64  4:33  Overlord  
  64  4:34  Drone x2  
  63  4:40  Zergling x6  
  63  4:41  Zergling x6  
  63  4:42  Zergling x2  
  68  4:46  Zergling x4  
  68  4:50  Zergling x4  
  68  5:02  Zergling x4  
  68  5:03  Zergling x2  
  69  5:09  Drone x2  
  69  5:10  Drone  
  71  5:14  Extractor  
  71  5:15  Hatchery  
  71  5:17  Drone x3  
  71  5:20  Zergling x6  
  72  5:29  Zergling x8  
  76  5:35  Drone x2  
  76  5:36  Drone x2  
  76  5:40  Drone x2  
  81  5:45  Ventral Sacs  
  81  5:47  Drone  
  81  5:48  Overlord  
  82  5:50  Spine Crawler  
  82  5:51  Spine Crawler  
  82  5:53  Extractor  
  82  5:54  Extractor  
  82  5:55  Overlord, Drone  
  76  6:01  Overlord, Drone  
  76  6:02  Drone x2  
  79  6:05  Drone x2  
  79  6:07  Drone, Extractor  
  79  6:08  Extractor  
  79  6:09  Drone x2  
  82  6:12  Drone  
  82  6:16  Drone  
  82  6:17  Drone  
  83  6:28  Zergling x6  
  83  6:31  Zergling x8  
  87  6:37  Evolution Chamber x2  
  82  6:47  Zergling x6  
  84  7:02  Spire, Zergling x16  
  84  7:06  Drone x2  
  93  7:11  Overlord  
  93  7:12  Zerg Melee Weapons Level 1  
  93  7:13  Zerg Ground Armor Level 1  
  93  7:14  Drone  
  94  7:22  Hatchery, Zergling x4  
  95  7:25  Baneling Nest  
  95  7:27  Zergling x4  
  95  7:41  Overlord  
  95  7:42  Zergling x2  
  95  7:43  Zergling x26  
  108  7:50  Overlord  
  108  7:52  Drone x2  
  108  8:05  Overlord  
  105  8:10  Drone x2  
  105  8:11  Drone x12  
  119  8:15  Mutalisk  
  119  8:17  Centrifical Hooks  
  119  8:18  Zerg Flyer Weapons Level 1  
  119  8:19  Mutalisk  
  121  8:23  Mutalisk x2  
  121  8:24  Mutalisk  
  129  8:33  Zergling x2  
  129  8:34  Zergling x6  
  131  8:42  Baneling  
  131  8:43  Baneling x19  
  131  8:44  Zergling x2, Baneling x14  
  131  8:45  Zergling x10  
  133  8:55  Mutalisk  
  133  8:57  Zergling x2  
  133  8:58  Zergling x12  
  133  9:01  Zergling x2  
  124  9:05  Zergling x4  
  124  9:06  Mutalisk x2  
  124  9:09  Zergling x6  
  109  9:11  Zergling x6  
  109  9:12  Zergling x8  
  109  9:15  Zergling x4  
  109  9:16  Zergling x2  
  117  9:21  Mutalisk x2  
  117  9:22  Extractor  
  117  9:23  Extractor  
  119  9:24  Zergling x2  
  119  9:25  Zergling x6  
  123  9:31  Spine Crawler, Zerg Melee Weapons Level 2  
  122  9:48  Zerg Ground Armor Level 2  
  122  9:54  Zergling x2  
  122  9:55  Zergling x22  
  134  10:08  Infestation Pit  
  134  10:09  Mutalisk  
  134  10:10  Mutalisk x2  
  134  10:11  Hatchery  
  138  10:18  Zergling x4  
  138  10:19  Zergling x18  
  138  10:20  Overlord  
  138  10:21  Overlord  
  149  10:30  Baneling x4  
  149  10:36  Overlord x2  
  149  10:44  Overlord x2  
  149  10:48  Hive  
  149  10:49  Queen  
  151  10:53  Zergling x8  
  151  10:54  Mutalisk  
  151  10:55  Mutalisk x4  
  164  11:10  Mutalisk x4  
  172  11:12  Overlord  
  172  11:13  Overlord  
  172  11:14  Zergling x6  
  175  11:40  Zergling x2  
  175  11:41  Zergling x6  
  175  11:43  Zergling x16  
  175  11:44  Zergling x6  
  175  11:46  Zergling x2  
  183  11:47  Zergling x22  
  184  11:57  Mutalisk  
  184  11:58  Mutalisk x4  
  184  12:22  Baneling  
  184  12:23  Baneling x10  
  184  12:24  Baneling  
  184  12:25  Baneling  
  184  12:26  Zergling x8  
  184  12:27  Zergling x8  
  193  12:30  Zergling x4  
  193  12:32  Zergling x2  
Tags
 
Add a new tag
Caveats
  • Supply blocks, unpowered buildings, or Contaminate may cause inaccurate times.
  • Supply counts are checked every 10 seconds.